BSA
ORLANDO CALRISSIAN @ IRVINE GANG GREEN
08/24/2026
 
TOP OF THE 1ST
Orlando Calrissian batting - Pitching for Irvine Gang Green : LHP Masutaro Koyama
Pitching: LHP Masutaro Koyama
Batting: RHB Naomi Kitamura 0-0: Bunt for hit - play at first, batter OUT! 1-3
Batting: RHB Frederico Hernández 0-0: Foul Ball, location: 2F
0-1: Ball
1-1: Bunt for hit - play at first, batter safe!
Batting: LHB Santiago Márquez 0-0: Ball
1-0: Called Strike
1-1: Fly out, F6 (Popup, 4MD)
Batting: RHB Raúl Canó 0-0: Called Strike
0-1: Foul Ball, location: 2F
0-2: Strikes out swinging
Top of the 1st over - 0 run(s), 1 hit(s), 0 error(s), 1 left on base; Orlando 0 - Irvine 0
BOTTOM OF THE 1ST
Irvine Gang Green batting - Pitching for Orlando Calrissian : LHP Mark Collins
Pitching: LHP Mark Collins
Batting: LHB Jesús Campos 0-0: Foul Ball, location: 2F
0-1: Called Strike
0-2: Ball
1-2: Foul Ball, location: 2F
1-2: Foul Ball, location: 2F
1-2: Strikes out swinging
Batting: RHB José Salazar 0-0: Fly out, F9 (Flyball, 9LMF)
Batting: RHB Buck Jones 0-0: Ball
1-0: Ball
2-0: Swinging Strike
2-1: Ball
3-1: Base on Balls
Batting: LHB Víctor Quiñones 0-0: Ball
1-0: Called Strike
1-1: Ball
2-1: Foul Ball, location: 2F
2-2: Strikes out swinging
Bottom of the 1st over - 0 run(s), 0 hit(s), 0 error(s), 1 left on base; Orlando 0 - Irvine 0
TOP OF THE 2ND
Orlando Calrissian batting - Pitching for Irvine Gang Green : LHP Masutaro Koyama
Batting: LHB Juan Colón 0-0: Foul Ball, location: 2F
0-1: Called Strike
0-2: Ball
1-2: Strikes out swinging
Batting: RHB Yasuoka Tanaka 0-0: Foul Ball, location: 2F
0-1: Ground out 5-3 (Groundball, 5)
Batting: RHB Enrique Bermúdez 0-0: Ball
1-0: Foul Ball, location: 2F
1-1: Swinging Strike
1-2: Ball
2-2: Ball
3-2: Foul Ball, location: 2F
3-2: Strikes out swinging
Top of the 2nd over - 0 run(s), 0 hit(s), 0 error(s), 0 left on base; Orlando 0 - Irvine 0
BOTTOM OF THE 2ND
Irvine Gang Green batting - Pitching for Orlando Calrissian : LHP Mark Collins
Batting: LHB Jorge Martínez 0-0: Ball
1-0: Foul Ball, location: 2F
1-1: Called Strike
1-2: Strikes out swinging
Batting: SHB Cristo Ontiveros 0-0: Foul Ball, location: 2F
0-1: Ball
1-1: Called Strike
1-2: Ball
2-2: Ball
3-2: Fly out, F9 (Flyball, 89XD)
Batting: RHB Tom Doherty 0-0: Swinging Strike
0-1: Ball
1-1: Ball
2-1: SINGLE (Flyball, 6MD)
Batting: LHB Tom Baker 0-0: Ball
1-0: Foul Ball, location: 2F
1-1: Fly out, F5 (Popup, 5DF)
Bottom of the 2nd over - 0 run(s), 1 hit(s), 0 error(s), 1 left on base; Orlando 0 - Irvine 0
TOP OF THE 3RD
Orlando Calrissian batting - Pitching for Irvine Gang Green : LHP Masutaro Koyama
Batting: LHB Greg Schultz 0-0: Called Strike
0-1: Ball
1-1: Foul Ball, location: 2F
1-2: Strikes out swinging
Batting: LHB Juan Jose Pineda 0-0: Called Strike
0-1: Called Strike
0-2: Ball
1-2: Ball
2-2: Fly out, F5 (Popup, 5F)
Batting: RHB Naomi Kitamura 0-0: Ball
1-0: Foul Ball, location: 2F
1-1: Ground out 6-3 (Groundball, 6M)
Top of the 3rd over - 0 run(s), 0 hit(s), 0 error(s), 0 left on base; Orlando 0 - Irvine 0
BOTTOM OF THE 3RD
Irvine Gang Green batting - Pitching for Orlando Calrissian : LHP Mark Collins
Batting: RHB Aaron Wilson 0-0: Called Strike
0-1: Ball
1-1: Foul Ball, location: 2F
1-2: Ball
2-2: Foul Ball, location: 2F
2-2: Foul Ball, location: 2F
2-2: SINGLE (Flyball, 4MD)
Batting: LHB Jesús Campos 0-0: Ball
1-0: Called Strike
1-1: Ball
2-1: Foul Ball, location: 2F
2-2: Fielders Choice at 2nd, 1-6 (Groundball, 15S)
Batting: RHB José Salazar 0-0: Foul Ball, location: 2F
0-1: Ball
1-1: Ball
2-1: Ball
3-1: Called Strike
3-2: Ground out 5-3 (Groundball, 56)
Jesús Campos to second
Batting: RHB Buck Jones 0-0: Ball
1-0: Ball
2-0: Foul Ball, location: 2F
2-1: Foul Ball, location: 2F
2-2: Ball
3-2: Foul Ball, location: 2F
3-2: Foul Ball, location: 2F
3-2: Base on Balls
Batting: LHB Víctor Quiñones 0-0: Foul Ball, location: 2F
0-1: Ball
1-1: Foul Ball, location: 2F
1-2: Ball
2-2: Ball
3-2: Ground out 6-3 (Groundball, 6M)
Bottom of the 3rd over - 0 run(s), 1 hit(s), 0 error(s), 2 left on base; Orlando 0 - Irvine 0
TOP OF THE 4TH
Orlando Calrissian batting - Pitching for Irvine Gang Green : LHP Masutaro Koyama
Batting: RHB Frederico Hernández 0-0: Foul Ball, location: 2F
0-1: Called Strike
0-2: Ground out 5-3 (Groundball, 56S)
Batting: LHB Santiago Márquez 0-0: Swinging Strike
0-1: Ball
1-1: Ball
2-1: Ball
3-1: Fly out, F8 (Flyball, 8RM)
Batting: RHB Raúl Canó 0-0: Ball
1-0: Called Strike
1-1: Ball
2-1: SINGLE (Line Drive, 6MD)
Batting: LHB Juan Colón 0-0: Foul Ball, location: 2F
0-1: Ball
1-1: Ball
2-1: Ball
3-1: SINGLE (Groundball, 6MD)
Raúl Canó to second
Runner from 2nd tries for 3rd, SAFE, throw made to third
Juan Colón to second
Batting: RHB Yasuoka Tanaka 0-0: Ball
1-0: Foul Ball, location: 2F
1-1: Ball
2-1: Ball
3-1: Ground out 6-3 (Groundball, 6M)
Top of the 4th over - 0 run(s), 2 hit(s), 0 error(s), 2 left on base; Orlando 0 - Irvine 0
BOTTOM OF THE 4TH
Irvine Gang Green batting - Pitching for Orlando Calrissian : LHP Mark Collins
Batting: LHB Jorge Martínez 0-0: Ball
1-0: Foul Ball, location: 2F
1-1: Ball
2-1: Ball
3-1: Fly out, F4 (Popup, 4D)
Batting: SHB Cristo Ontiveros 0-0: Ball
1-0: Ball
2-0: Foul Ball, location: 2F
2-1: Ball
3-1: Foul Ball, location: 2F
3-2: Ground out 6-3 (Groundball, 6)
Batting: RHB Tom Doherty 0-0: Ball
1-0: Called Strike
1-1: Ball
2-1: Fly out, F5 (Line Drive, 56S)
Bottom of the 4th over - 0 run(s), 0 hit(s), 0 error(s), 0 left on base; Orlando 0 - Irvine 0
TOP OF THE 5TH
Orlando Calrissian batting - Pitching for Irvine Gang Green : LHP Masutaro Koyama
Batting: RHB Enrique Bermúdez 0-0: Swinging Strike
0-1: Ball
1-1: Ground out 6-3 (Groundball, 6M)
Batting: LHB Greg Schultz 0-0: Ball
1-0: Foul Ball, location: 2F
1-1: Swinging Strike
1-2: Ball
2-2: SINGLE (Groundball, 6MD)
Batting: LHB Juan Jose Pineda 0-0: Ball
1-0: Foul Ball, location: 2F
1-1: Foul Ball, location: 2F
1-2: Ball
2-2: Strikes out swinging
Batting: RHB Naomi Kitamura 0-0: Called Strike
0-1: Ball
1-1: Called Strike
1-2: Fly out, F8 (Line Drive, 8RM)
Top of the 5th over - 0 run(s), 1 hit(s), 0 error(s), 1 left on base; Orlando 0 - Irvine 0
BOTTOM OF THE 5TH
Irvine Gang Green batting - Pitching for Orlando Calrissian : LHP Mark Collins
Batting: LHB Tom Baker 0-0: Foul Ball, location: 2F
0-1: Swinging Strike
0-2: Foul Ball, location: 2F
0-2: Ball
1-2: Ground out 4-3 (Groundball, 34)
Batting: RHB Aaron Wilson 0-0: Ball
1-0: SINGLE (Line Drive, 6MD)
Batting: LHB Jesús Campos 0-0: Called Strike
0-1: Fly out, F8 (Flyball, 8RD)
Batting: RHB José Salazar Pickoff Throw to First - Out!
Bottom of the 5th over - 0 run(s), 1 hit(s), 0 error(s), 0 left on base; Orlando 0 - Irvine 0
TOP OF THE 6TH
Orlando Calrissian batting - Pitching for Irvine Gang Green : LHP Masutaro Koyama
Batting: RHB Frederico Hernández 0-0: Ball
1-0: Foul Ball, location: 2F
1-1: Ball
2-1: Foul Ball, location: 2F
2-2: Strikes out swinging
Batting: LHB Santiago Márquez 0-0: Ground out U3 (Groundball, 3)
Batting: RHB Raúl Canó 0-0: Called Strike
0-1: Ball
1-1: Ball
2-1: Foul Ball, location: 2F
2-2: Foul Ball, location: 2F
2-2: Fly out, F4 (Popup, 4MD)
Top of the 6th over - 0 run(s), 0 hit(s), 0 error(s), 0 left on base; Orlando 0 - Irvine 0
BOTTOM OF THE 6TH
Irvine Gang Green batting - Pitching for Orlando Calrissian : LHP Mark Collins
Batting: RHB José Salazar 0-0: Foul Ball, location: 2F
0-1: DOUBLE (Line Drive, 7LS)
Batting: RHB Buck Jones 0-0: Intentional Walk
Pitching: LHP Carlos Berru
Batting: LHB Víctor Quiñones 0-0: Ball
1-0: Foul Ball, location: 2F
1-1: Ball
2-1: Foul Ball, location: 2F
2-2: Foul Ball, location: 2F
2-2: Ball
3-2: SINGLE (Groundball, 4MD)
José Salazar to third
Buck Jones to second
José Salazar scores
Buck Jones to third
Batting: LHB Jorge Martínez 0-0: Called Strike
0-1: Ball
1-1: Foul Ball, location: 2F
1-2: Ball
2-2: Foul Ball, location: 2F
2-2: Ball
3-2: Fly out, F7 (Flyball, 7M)
Runner from 3rd tags up, SCORES, throw made
Batting: SHB Cristo Ontiveros 0-0: Ball
1-0: Ball
2-0: Called Strike
2-1: Ball
3-1: Called Strike
3-2: SINGLE (Line Drive, 4MD)
Víctor Quiñones to second
Batting: RHB Tom Doherty 0-0: Called Strike
0-1: Swinging Strike
0-2: Foul Ball, location: 2F
0-2: Ball
1-2: Ball
2-2: Ball
3-2: Fly out, F9 (Flyball, 9LM)
Batting: LHB Tom Baker 0-0: Called Strike
0-1: Swinging Strike
0-2: 3-RUN HOME RUN (Flyball, 9LD), Distance : 413 ft
Pitching: RHP Ramón Soto
Batting: RHB Aaron Wilson 0-0: Ball
1-0: Foul Ball, location: 2F
1-1: Foul Ball, location: 2F
1-2: Ball
2-2: Ground out 4-3 (Groundball, 34)
Bottom of the 6th over - 5 run(s), 4 hit(s), 0 error(s), 0 left on base; Orlando 0 - Irvine 5
TOP OF THE 7TH
Orlando Calrissian batting - Pitching for Irvine Gang Green : LHP Masutaro Koyama
Batting: LHB Juan Colón 0-0: Ground out 5-3 (Groundball, 5S)
Batting: RHB Yasuoka Tanaka 0-0: Swinging Strike
0-1: Ball
1-1: Ball
2-1: Foul Ball, location: 2F
2-2: Ball
3-2: Strikes out swinging
Batting: RHB Enrique Bermúdez 0-0: Ball
1-0: Called Strike
1-1: Ball
2-1: Foul Ball, location: 2F
2-2: Strikes out looking
Top of the 7th over - 0 run(s), 0 hit(s), 0 error(s), 0 left on base; Orlando 0 - Irvine 5
BOTTOM OF THE 7TH
Irvine Gang Green batting - Pitching for Orlando Calrissian : RHP Ramón Soto
Batting: LHB Jesús Campos 0-0: Called Strike
0-1: Foul Ball, location: 2F
0-2: Ball
1-2: Foul Ball, location: 2F
1-2: Ball
2-2: Foul Ball, location: 2F
2-2: Ball
3-2: SINGLE (Line Drive, 9S)
Batting: RHB José Salazar 0-0: Ball
1-0: Foul Ball, location: 2F
1-1: Called Strike
1-2: Strikes out swinging
Batting: RHB Buck Jones 0-0: SINGLE (Line Drive, 34)
Jesús Campos to second
Batting: LHB Víctor Quiñones 0-0: Called Strike
Jesús Campos steals 3rd base
Buck Jones to second
0-1: Ball
1-1: Swinging Strike
1-2: Strikes out looking
Batting: LHB Jorge Martínez 0-0: Ball
1-0: Ball
2-0: Foul Ball, location: 2F
2-1: Swinging Strike
2-2: Foul Ball, location: 2F
2-2: Foul Ball, location: 2F
2-2: SINGLE (Groundball, 56D)
Jesús Campos scores
Buck Jones to third
Throwing error, E7
Buck Jones scores
Jorge Martínez to second
Batting: SHB Cristo Ontiveros 0-0: Called Strike
0-1: Ball
1-1: Called Strike
1-2: Ball
2-2: Foul Ball, location: 2F
2-2: TRIPLE (Flyball, 89XD)
Jorge Martínez scores
Batting: RHB Tom Doherty 0-0: Ball
1-0: Ball
2-0: Fly out, F8 (Flyball, 8RM)
Bottom of the 7th over - 3 run(s), 4 hit(s), 1 error(s), 1 left on base; Orlando 0 - Irvine 8
TOP OF THE 8TH
Orlando Calrissian batting - Pitching for Irvine Gang Green : LHP Masutaro Koyama
Batting: LHB Greg Schultz 0-0: Ball
1-0: Swinging Strike
1-1: Ball
2-1: Fly out, F6 (Popup, 6)
Batting: LHB Juan Jose Pineda 0-0: Swinging Strike
0-1: Swinging Strike
0-2: Ball
1-2: Foul Ball, location: 2F
1-2: Ball
2-2: Strikes out swinging
Batting: RHB Naomi Kitamura 0-0: Ball
1-0: Swinging Strike
1-1: Foul Ball, location: 2F
1-2: Ball
2-2: Ball
3-2: Strikes out swinging
Top of the 8th over - 0 run(s), 0 hit(s), 0 error(s), 0 left on base; Orlando 0 - Irvine 8
BOTTOM OF THE 8TH
Irvine Gang Green batting - Pitching for Orlando Calrissian : RHP Ramón Soto
Batting: LHB Tom Baker 0-0: Swinging Strike
0-1: Fly out, F8 (Flyball, 78M)
Batting: RHB Aaron Wilson 0-0: Ball
1-0: Ball
2-0: Swinging Strike
2-1: Called Strike
2-2: Strikes out looking
Batting: LHB Jesús Campos 0-0: Ground out U3 (Groundball, 3S)
Bottom of the 8th over - 0 run(s), 0 hit(s), 0 error(s), 0 left on base; Orlando 0 - Irvine 8
TOP OF THE 9TH
Orlando Calrissian batting - Pitching for Irvine Gang Green : LHP Masutaro Koyama
Now in LF: Tony Tavárez
Batting: RHB Frederico Hernández 0-0: Ball
1-0: Ball
2-0: Ball
3-0: Called Strike
3-1: Ground out 6-3 (Groundball, 6)
Pitching: RHP Kuang-yin Yue
Batting: LHB Santiago Márquez 0-0: Called Strike
0-1: Called Strike
0-2: Strikes out swinging
Batting: RHB Raúl Canó 0-0: Called Strike
0-1: Swinging Strike
0-2: Strikes out swinging
Top of the 9th over - 0 run(s), 0 hit(s), 0 error(s), 0 left on base; Orlando 0 - Irvine 8
Monday, December 5th, 2016 - OOTP Baseball 17.12 Build 75